 Dungeon Crawl Stone Soup version 0.21.1 (webtiles) character file.

198 ShornTheSheep the Slasher (level 5, -2/47 HPs)
             Began as a Draconian Berserker on Feb 4, 2018.
             Was a Believer of Trog.
             Killed by divine providence
             ... invoked by an orc priest
              (11 damage)
             ... on level 4 of the Dungeon.
             The game lasted 00:04:09 (2040 turns).

ShornTheSheep the Slasher (Draconian Berserker)     Turns: 2040, Time: 00:04:10

Health: -2/47      AC:  5    Str: 20    XL:     5   Next: 47%
Magic:  5/5        EV: 13    Int:  8    God:    Trog [**....]
Gold:   149        SH:  0    Dex: 10    Spells: 4/4 levels left

rFire    . . .     SeeInvis .   a - +0 falchion
rCold    . . .     Gourm    .   (no shield)
rNeg     . . .     Faith    .   (armour unavailable)
rPois    .         Spirit   .   (helmet restricted)
rElec    .         Reflect  .   (no cloak)
rCorr    .         Harm     .   (no gloves)
MR       .....                  (no boots)
Stlth    +.........             (no amulet)
HPRegen  0.15/turn              (no ring)
MPRegen  0.09/turn              (no ring)

@: lethally poisoned (-2 -> -3)
A: unfitting armour, cold-blooded, AC +5
a: Berserk, Trog's Hand, Burn Spellbooks, Renounce Religion


You were on level 4 of the Dungeon.
You worshipped Trog.
Trog was pleased with you.
You were not hungry.

You visited 1 branch of the dungeon, and saw 4 of its levels.

You collected 149 gold pieces.

Inventory:

Hand Weapons
 a - a +0 falchion (weapon)
Scrolls
 c - a scroll of amnesia {unknown}
 d - 2 scrolls of blinking {unknown}
 f - 2 scrolls of remove curse {unknown}
 h - 3 scrolls of identify {unknown}
 j - a scroll of enchant armour {unknown}
 k - a scroll of fear {unknown}
 m - a scroll of enchant weapon {unknown}
Potions
 e - a potion of ambrosia {unknown}
 g - 2 potions of curing {unknown}
 i - 2 potions of flight {unknown}
 l - a potion of mutation {unknown}
 n - a potion of berserk rage {unknown}
 o - a potion of heal wounds {unknown}
 p - a potion of haste {unknown}
 q - 2 potions of degeneration {unknown}
 r - 2 potions of magic {unknown}
Comestibles
 b - 2 rations


   Skills:
 + Level 4.3 Fighting
 + Level 4.7 Long Blades
 + Level 3.8 Dodging
 + Level 0.5 Stealth


You had 4 spell levels left.
You didn't know any spells.

Dungeon Overview and Level Annotations

Branches:
Dungeon (4/15)
 Temple: D:4-7

Altars:


Innate Abilities, Weirdness & Mutations

Your plain brown scales are hard. (AC +5)
You cannot fit into any form of body armour.
You are cold-blooded and may be slowed by cold attacks.


Message History

The orc wizard hits you with a dagger. The orc misses you.
The orc priest closely misses you.
You hit the orc priest.
The orc priest is moderately wounded.
You feel sick. The orc wizard misses you.
The orc wizard hits you but does no damage.
The orc hits you but does no damage.
The orc priest hits you with a hand axe.
* * * LOW HITPOINT WARNING * * *
You hit the orc priest.
The orc priest is heavily wounded.
The orc wizard misses you.
You riposte.
You closely miss the orc wizard.
Your tail-slap misses the orc wizard.
The orc hits you with a dagger.
* * * LOW HITPOINT WARNING * * *
The orc wizard points at you and mumbles some strange words.
The magic dart hits you!
* * * LOW HITPOINT WARNING * * *
The orc priest invokes the aid of Beogh against you.
Beogh smites you!
You die...

..# #.# #.. #.# ..
... #.## #. #.. ...
#. #.# #a# .. #.#
##o# #. #.# ##.@# #.
#.###.oo###.
#.######..%?.......#
#..†....####...#####
#.#####.## ##.## #.
#.#.## #.# #.
#.###.###.# #<##.#
##.##.# #.#.# ##...#


You could see a worker ant, an orc priest, an orc wizard and an orc.

Vanquished Creatures
  A scorpion (D:4)
  A hound (D:4)
  An orc priest (D:3)
  An adder (D:3)
  3 dart slugs
  3 leopard geckos
  6 orcs (D:3)
  4 giant cockroaches
  7 goblins
  7 hobgoblins
  3 jackals (D:2)
  5 kobolds
  2 quokkas
  A ball python (D:1)
  6 bats
  4 frilled lizards
  7 rats
62 creatures vanquished.

Notes
Turn   | Place    | Note
-------+----------+-------------------------------------------
     0 | D:1      | ShornTheSheep the Draconian Berserker began the quest for the Orb.
     0 | D:1      | Reached XP level 1. HP: 19/19 MP: 1/1
   120 | D:1      | Reached XP level 2. HP: 20/26 MP: 2/2
   690 | D:2      | Reached XP level 3. HP: 33/33 MP: 3/3
  1153 | D:2      | Reached ** piety under Trog
  1409 | D:3      | Reached XP level 4. HP: 33/40 MP: 4/4
  1962 | D:4      | Reached XP level 5. HP: 43/46 MP: 5/5
  2040 | D:4      | Killed from afar by an orc priest

Skill      XL: |  1  2  3  4 |
---------------+-------------+-----
Dodging        | 3 |  3.8
Fighting       | 4 |  4.3
Long Blades    | 4 |  4.7
Stealth        | |  0.5

Action                   |  1- 3 |  4- 6 || total
-------------------------+-------+-------++-------
Melee: Falchion          |    97 |    45 ||   142
       Tailslap          |    13 |     6 ||    19
Invok: Berserk           |       |     1 ||     1
  Eat: Ration            |     1 |     1 ||     2
Armor: Skin              |    32 |    23 ||    55
Dodge: Dodged            |    83 |    47 ||   130
       Rpst.: Falchion   |    28 |    15 ||    43
